 Dungeon Crawl Stone Soup version 0.30-a0-777-ga9a30cbeda (webtiles) character file.

Game seed: 2070324190339797126

10588 scionoferis the Nimble (level 11, -3/86 HPs)
             Began as a Demigod Hexslinger on Feb 14, 2023.
             Slain by a torpor snail (7 damage)
             ... on level 1 of the Lair of Beasts.
             The game lasted 00:50:20 (11117 turns).

scionoferis the Nimble (Demigod Hexslinger)        Turns: 11117, Time: 00:50:21

Health: -3/86      AC: 10    Str: 11    XL:     11   Next: 16%
Magic:  15/15      EV: 24    Int: 15    God:
Gold:   541        SH:  0    Dex: 32    Spells: 11/12 levels left

rFire   . . .      SeeInvis .    a - +0 scimitar
rCold   + . .      Faith    .    (no shield)
rNeg    . . .      Spirit   .    s - +1 leather armour "Siprottu" {rF+}
rPois   .          Reflect  .    S - +0 helmet
rElec   .          Harm     .    I - +0 cloak
rCorr   .          Rampage  .    n - +0 pair of gloves
Will    +....                    q - +2 pair of boots
Stlth   ++++                     B - amulet of the acrobat
HPRegen 0.34/turn                E - +6 ring of dexterity
MPRegen 0.14/turn                x - ring of ice

@: slowed, very slow
A: high MP 1, forlorn, divine attributes, passive freeze, sense surroundings 1
a: no special abilities


You were on level 1 of the Lair of Beasts.
You visited 2 branches of the dungeon, and saw 11 of its levels.

You collected 561 gold pieces.
You spent 20 gold pieces at shops.


Innate Abilities, Weirdness & Mutations

You have an increased reservoir of magic. (+10% MP)
You shall have no god before yourself.
Your divine heritage dramatically boosts your attributes as you level up.
A frigid envelope surrounds you and freezes all who hurt you.
You passively map a small area around you.


   Skills:
 - Level 5.0 Fighting
 * Level 10.6 Long Blades
 - Level 1.7 Ranged Weapons
 * Level 10.9 Dodging
 - Level 5.0 Stealth
 - Level 1.0 Spellcasting
 - Level 2.6 Hexes


You had 11 spell levels left.
You knew the following spells:

 Your Spells              Type           Power      Damage    Failure   Level
a - Slow                  Hex            32%        N/A       11%         1

Your spell library contained the following spells:

 Spells                   Type           Power      Damage    Failure   Level
 Kiss of Death            Conj/Necr      0%         2d5       32%         1
 Shock                    Conj/Air       0%         1d3       32%         1
 Confusing Touch          Hex            8%         N/A       32%         3
 Inner Flame              Hex/Fire       4%         N/A       50%         3
 Portal Projectile        Hex/Tloc       8%         N/A       50%         3
 Swiftness                Air            0%         N/A       67%         3
 Cause Fear               Hex            4%         N/A       71%         4
 Airstrike                Air            0%         2d(0-16)  97%         4
 Dispel Undead            Necr           0%         3d6       97%         4

Inventory:

Hand Weapons
 a - a +0 scimitar (weapon)
   (You took it off an orc warrior on level 10 of the Dungeon)
 b - a +0 shortbow
   (You took it off a centaur on level 4 of the Dungeon)
 d - a +0 dagger
   (You found it on level 1 of the Dungeon)
 g - a +0 great sword
   (You found it on level 6 of the Dungeon)
Missiles
 p - 6 boomerangs
 v - 4 silver boomerangs
 H - 13 poisoned darts (quivered)
Armour
 n - a +0 pair of gloves (worn)
   (You found it on level 2 of the Dungeon)
 q - a +2 pair of boots (worn)
   (You found it on level 2 of the Dungeon)
 s - the +1 leather armour "Siprottu" (worn) {rF+}
   (You found it on level 2 of the Dungeon)

   rF:        It protects you from fire.
 I - a +0 cloak (worn)
   (You took it off Crazy Yiuf on level 2 of the Dungeon)
 R - the +0 ring mail "Quecs" {Fly Int+5 Dex-2 SInv}
   (You found it on level 9 of the Dungeon)

   Int:       It affects your intelligence (+5).
   Dex:       It affects your dexterity (-2).
   SInv:      It lets you see invisible.
   Fly:       It grants you flight.
 S - a +0 helmet (worn)
   (You found it on level 9 of the Dungeon)
Jewellery
 m - a +6 ring of dexterity
   (You found it on level 2 of the Dungeon)
 x - a ring of ice (right hand)
   (You found it on level 6 of the Dungeon)
 B - an amulet of the acrobat (around neck)
   (You found it on level 1 of the Lair of Beasts)
 E - a +6 ring of dexterity (left hand)
   (You found it on level 5 of the Dungeon)
 F - a ring of fire
   (You found it on level 5 of the Dungeon)
Wands
 c - a wand of iceblast (9)
   (You found it on level 8 of the Dungeon)
 l - a wand of paralysis (1)
   (You found it on level 10 of the Dungeon)
 r - a wand of mindburst (4)
   (You found it on level 1 of the Lair of Beasts)
Scrolls
 h - 3 scrolls of vulnerability
 i - 6 scrolls of teleportation
 j - a scroll of poison
 o - 7 scrolls of fog
 u - 3 scrolls of butterflies
 w - 3 scrolls of silence
 y - a scroll of magic mapping
 A - a scroll of fear
Potions
 e - 6 potions of resistance
 f - a potion of magic {unknown}
 k - 2 potions of might {unknown}
 t - 3 potions of attraction {unknown}
 z - 3 potions of heal wounds {unknown}
 C - 3 potions of flight {unknown}
 G - a potion of haste {unknown}
 J - a potion of invisibility {unknown}
 K - a potion of ambrosia {unknown}
 N - a potion of berserk rage {unknown}
 O - 3 potions of mutation
 Q - 4 potions of curing

Dungeon Overview and Level Annotations

Branches:
Dungeon (10/15)            Temple (0/1) D:5            Lair (1/5) D:9
    Orc: D:9-12

Shops:
D:10 *

Annotations:
D:6 free moth with smite
D:9 1 runed translucent door, SpyderV's ghost, novice MiFi

, , ..#
#...................
,...###................#.
, ..rr!r................#
* * ,
#...r...............##
..#r.......r..........# ,
,,#....###.##+#......##
+....#......#......# * ,
#..............(...# ,
#..##@#######+###..# ,
......##w.......##...# ,
...#....##..##..##....###
...#....###....##.......#
, , #.
#......##..##.........
#.......##..##........ +
..... .##....##.......
...... ##[.##..##......
##..##.....


You could see a torpor snail and 6 hell rats.


Message History

A gnoll comes into view. It is wielding a +0 flail.
The gnoll moves out of view.
The helpless two-headed ogre fails to defend itself.
You stick the two-headed ogre like a pincushion!!!
You kill the two-headed ogre!
Your Long Blades skill increases to level 9!
Things that are here:
a +0 giant club; a +0 giant club
a - a +0 falchion (weapon)
You enter the shallow water.
Moving in this stuff is going to be slow.
Found a stone staircase leading down.
There is a stone staircase leading down here.
You open the door.
There is an open door here.
You now have 415 gold pieces (gained 6).
You open the door.
There is an open door here.
A gnoll sergeant comes into view. It is wielding a +0 spear.
The gnoll sergeant moves out of view.
b - a +0 shortbow (weapon)
A gnoll comes into view. It is wielding a +0 whip.
You shoot an arrow. The gnoll shouts!
The arrow hits the gnoll.
The gnoll is moderately wounded.
You hear a shout!
You shoot an arrow. The arrow hits the gnoll!
You kill the gnoll!
The gnoll sergeant throws a stone.
The stone completely misses you.
The gnoll sergeant throws a stone.
The stone misses you.
The gnoll sergeant throws a stone.
The stone closely misses you.
You shoot an arrow. The arrow hits the gnoll sergeant!
The gnoll sergeant is moderately wounded.
You shoot an arrow. The arrow hits the gnoll sergeant!
The gnoll sergeant is almost dead.
You shoot an arrow. The arrow hits the gnoll sergeant!
You kill the gnoll sergeant!
You shoot an arrow. The arrow closely misses the gnoll.
You shoot an arrow. The arrow hits the gnoll!
The gnoll is severely wounded.
You shoot an arrow. The arrow hits the gnoll!
You kill the gnoll!
No target in view!
Things that are here:
a +0 flail; a gnoll corpse A troll comes into view.
The troll shouts!
You shoot an arrow. The arrow hits the troll.
The troll is lightly wounded.
You shoot an arrow. The arrow hits the troll!
The troll is moderately wounded.
You shoot an arrow. The arrow hits the troll.
The troll is moderately wounded.
You shoot an arrow. The arrow hits the troll!
The troll is heavily wounded.
The troll closely misses you. The troll misses you.
The troll closely misses you.
a - a +0 falchion (weapon)
The troll completely misses you. The troll misses you. x2
You slash the troll!
The troll is severely wounded.
The troll completely misses you. x2; The troll claws you.
The troll is very cold.
The troll is severely wounded.
You barely miss the troll.
The troll is severely wounded.
You slash the troll!
The troll is almost dead.
The troll barely misses you. The troll closely misses you.
The troll completely misses you.
You closely miss the troll.
The troll is almost dead.
The troll misses you. The troll completely misses you. The troll claws you.
The troll is very cold.
You kill the troll!
No target in view!
b - a +0 shortbow (weapon)
HP restored.
You see here a troll corpse.
Items here: ( ) [ †.
There is an open door here.
Found a hand axe.
The hornet buzzes angrily.
There is an open door here.
The black bear growls angrily.
The spriggan shouts!
SpyderV's ghost turns its malevolent gaze towards you.
The spriggan shouts!
The spriggan hits the plant with the +3 spear of Disembowelment {heavy, rPois rF- Will+}!
The plant begins to die.
Found 2 potions of lignification.
There is a dry fountain here.
The spriggan hits the plant with the +3 spear of Disembowelment {heavy, rPois rF- Will+}!
The spriggan hits the plant with the +3 spear of Disembowelment {heavy, rPois rF- Will+}!
A nearby plant withers and dies.
SpyderV's ghost mumbles, "They all look like pillowcases to me..."
There is a dry fountain here.
Press: ? - help, v - describe, . - travel
Here: a spriggan, wielding the +3 spear of Disembowelment {heavy, rPois rF- Will+} (fire blocked by a translucent stone wall)
The floor.
SpyderV's ghost screams, "Do you think the gods will protect you?"
Things that are here:
a +0 club; 4 stones
Found a stone staircase leading up.
You drop a ring of magical power.
You drop a scroll of amnesia.
You drop 5 scrolls of noise.
You drop a scroll of brand weapon.
You drop a scroll of immolation.
You drop 2 scrolls of enchant armour.
You drop a scroll of enchant weapon.
There is a staircase to the Lair here.
There is an open door here.
You see here a +0 spear.
A hornet is nearby!
You shoot an arrow. The arrow misses the hornet.
a - a +0 falchion (weapon)
You hit the hornet but do no damage.
The hornet stings you but does no damage.
The hornet is very cold.
The hornet is lightly wounded.
You hit the hornet but do no damage.
The hornet is lightly wounded.
The hornet misses you.
You hit the hornet but do no damage.
The hornet is lightly wounded.
The hornet completely misses you. The hornet closely misses you.
You hit the hornet but do no damage.
The hornet is lightly wounded.
The hornet stings you but does no damage.
The hornet is very cold.
The hornet is moderately wounded.
You hit the hornet but do no damage.
The hornet is moderately wounded.
The hornet misses you.
You barely miss the hornet.
The hornet is moderately wounded.
The hornet barely misses you.
You hit the hornet but do no damage.
The hornet is moderately wounded.
The hornet stings you!
You feel yourself slow down.
The hornet is very cold.
The hornet is heavily wounded.
You closely miss the hornet.
The hornet is heavily wounded.
You feel yourself speed up. The hornet misses you. The hornet stings you!
You feel yourself slow down.
The hornet is very cold.
The hornet is severely wounded.
You closely miss the hornet.
The hornet is severely wounded.
You feel yourself speed up. The hornet misses you.
The hornet barely misses you.
You hit the hornet.
The hornet is severely wounded.
The hornet closely misses you. The hornet misses you.
You hit the hornet.
The hornet is severely wounded.
The hornet misses you.
You completely miss the hornet.
The hornet is severely wounded.
The hornet completely misses you.
You miss the hornet.
The hornet is severely wounded.
The hornet stings you.
You feel yourself slow down.
The hornet is very cold.
The hornet is severely wounded.
You slash the hornet!
You kill the hornet!
You feel yourself speed up.
No target in view!
No target in view!
No target in view!
No target in view!
b - a +0 shortbow (weapon)
You see here a +0 spear.
Things that are here:
a +0 club; 4 stones SpyderV's ghost says, "I'll split you in two!"
The spriggan shouts!
The black bear growls angrily.
There is a dry fountain here.
The spriggan shouts!
SpyderV's ghost shrieks, "You will join me soon!"
There is a stone staircase leading down here.
a - a +0 falchion (weapon)
You climb downwards.
There is a stone staircase leading up here.
Found a stone staircase leading down.
A troll comes into view.
b - a +0 shortbow (weapon)
You shoot an arrow. The arrow hits the troll!
The troll shouts!
The troll is moderately wounded.
A wraith comes into view.
You shoot an arrow. The arrow barely misses the troll.
The wraith completely misses you. The wraith barely misses you.
There is a stone staircase leading up here.
The wraith misses you.
You climb upwards.
Level annotation: 1 runed translucent door, SpyderV's ghost, novice MiFi
There is a stone staircase leading down here.
a - a +0 falchion (weapon)
The wraith hits you but does no damage.
The wraith resists.
The wraith is very cold.
The wraith is lightly damaged.
You completely miss the wraith.
The wraith is lightly damaged.
You hit the wraith but do no damage.
The wraith is lightly damaged.
The wraith barely misses you.
You barely miss the wraith.
The wraith is lightly damaged.
The wraith hits you but does no damage.
The wraith resists.
The wraith is very cold.
The wraith is lightly damaged.
You hit the wraith but do no damage.
The wraith is lightly damaged.
The wraith hits you but does no damage.
The wraith resists.
The wraith is very cold.
The wraith is lightly damaged.
You barely miss the wraith.
The wraith is lightly damaged.
The wraith completely misses you.
You closely miss the wraith.
The wraith is lightly damaged.
The wraith hits you. The wraith drains your vigour!
You feel yourself slow down.
The wraith resists.
The wraith is very cold.
The wraith is moderately damaged.
You hit the wraith. You punch the wraith, but do no damage.
The wraith is moderately damaged.
The wraith closely misses you.
You hit the wraith but do no damage.
The wraith is moderately damaged.
The wraith closely misses you.
You slash the wraith!
The wraith is heavily damaged.
The wraith barely misses you.
You hit the wraith.
The wraith is severely damaged.
The wraith misses you.
You hit the wraith but do no damage.
The wraith is severely damaged.
The wraith completely misses you. The wraith closely misses you.
You completely miss the wraith.
The wraith is severely damaged.
The wraith misses you.
You slash the wraith!
The wraith is almost destroyed.
The wraith misses you.
You slash the wraith!
You destroy the wraith!
You start waiting.
You feel yourself speed up.
g - a +0 great sword (weapon)
You climb downwards.
The troll completely misses you. The troll closely misses you.
The troll barely misses you. The troll misses you.
The troll completely misses you. x2
There is a stone staircase leading up here.
You slash the troll!
The troll is moderately wounded.
The troll barely misses you. The troll completely misses you.
The troll barely misses you.
You closely miss the troll.
The troll is moderately wounded.
The troll bites you.
The troll is very cold.
The troll is heavily wounded.
The troll completely misses you. x2
You closely miss the troll.
The troll is heavily wounded.
The troll closely misses you. The troll completely misses you. x2
You slash the troll!
The troll is severely wounded.
The troll bites you!
The troll is very cold.
The troll is almost dead.
The troll closely misses you. The troll misses you.
You slice the troll!!
You kill the troll!
Your Dodging skill increases to level 10!
a - a +0 falchion (weapon)
HP restored.
Found a stone staircase leading down.
You now have 428 gold pieces (gained 13).
There is a stone staircase leading down here.
Found a ring mail.
Found a morningstar.
Found Qyddokk's CLEARANCE SALE!.
There is an entrance to Qyddokk's CLEARANCE SALE! here.
Q - 2 potions of curing (gained 1) Thank you for shopping at Qyddokk's CLEARANCE SALE!!
D - 3 potions of degeneration (gained 1) Thank you for shopping at Qyddokk's CLEARANCE SALE!!
You drop 3 potions of degeneration.
Unknown command.
There is an entrance to Qyddokk's CLEARANCE SALE! here.
Unknown command.
Found a scroll of noise.
You see here a scroll of noise.
A centaur comes into view.
A howler monkey comes into view.
A troll comes into view.
g - a +0 great sword (weapon)
You see here 3 potions of degeneration.
You barely miss the troll. The troll bites you but does no damage.
The troll is very cold.
The troll is moderately wounded.
The troll completely misses you. x2
You slash the troll!
The troll is heavily wounded.
The troll bites you but does no damage.
The troll is very cold.
The troll is severely wounded.
The troll completely misses you. The troll barely misses you.
You completely miss the troll.
The troll is severely wounded.
The troll completely misses you. The troll claws you!
The troll is very cold.
The troll is severely wounded.
The troll claws you but does no damage.
The troll is very cold.
The troll is severely wounded.
You hit the troll.
The troll is severely wounded.
The troll misses you. The troll completely misses you. The troll misses you.
The troll closely misses you. The troll misses you.
The troll completely misses you.
You barely miss the troll.
The troll is severely wounded.
The troll completely misses you. The troll closely misses you.
The troll barely misses you.
You slice the troll!!
You kill the troll!
You start resting.
HP restored.
Found 11 gold pieces.
a - a +0 falchion (weapon)
You now have 419 gold pieces (gained 11).
Found a glowing whip.
Found 3 stones and 2 potions of curing.
Found seven items.
Found five items.
There is an open door here.
o - 7 scrolls labelled TIFRAT CYSUL (gained 1)
You now have 436 gold pieces (gained 17).
i - 6 scrolls of teleportation (gained 1)
There is an open door here.
There is an open door here.
You now have 443 gold pieces (gained 7).
f - a gluggy blue potion You see here a staff of fire.
There is an open door here.
You see here a +1 whip of venom.
There is an open door here.
You see here a +0 robe.
l - a wand of paralysis (1)
You see here a scroll of noise.
r - a scroll of identify
As you read the scroll of identify, it crumbles to dust.
u - 3 scrolls of butterflies You see here a +0 robe.
There is an open door here.
There is an open door here.
You see here 3 stones.
Q - 4 potions of curing (gained 2)
You now have 459 gold pieces (gained 16).
You see here 3 stones.
There is an open door here.
d - a +0 dagger (weapon)
Found 3 poisoned darts.
The helpless centaur fails to defend itself.
You skewer the centaur like a kebab!!!
You kill the centaur!
a - a +0 falchion (weapon)
Things that are here:
a +3 heavy shortbow; a centaur corpse
r - a +3 heavy shortbow You drop a +3 heavy shortbow.
H - 16 poisoned darts (gained 3)
A howler monkey comes into view.
No target in view!
b - a +0 shortbow (weapon)
You shoot an arrow.
The arrow closely misses the howler monkey.
The howler monkey howls!
The howler monkey hoots and howls with incredible vigour!
You hear a shout! x2; You hear a roar!
You hear a shout! x2; You hear a roar!
You shoot an arrow. The howler monkey howls!
The arrow hits the howler monkey.
The howler monkey is moderately wounded.
a - a +0 falchion (weapon)
You hit the howler monkey.
The howler monkey is heavily wounded.
The howler monkey completely misses you.
You closely miss the howler monkey.
The howler monkey is heavily wounded.
The howler monkey hoots and howls with incredible vigour!
You hear a shout! x2
You slash the howler monkey!
The howler monkey is almost dead.
The howler monkey barely misses you.
The howler monkey hoots and howls with incredible vigour!
You hit the howler monkey.
You kill the howler monkey!
You barely miss the howler monkey.
The howler monkey completely misses you.
You hit the howler monkey.
The howler monkey is lightly wounded.
The howler monkey hoots and howls with incredible vigour!
You hear a shout!
You hear a bellow!
You slash the howler monkey!
You kill the howler monkey!
No target in view!
b - a +0 shortbow (weapon)
An acid dragon comes into view.
The acid dragon spits acid at you. The splash of acid hits you.
The acid corrodes you!
You see here a howler monkey corpse.
g - a +0 great sword (weapon)
You start resting.
An acid dragon is nearby!
You slice the acid dragon!!
You kill the acid dragon!
a - a +0 falchion (weapon)
You are no longer corroded.
A four-headed hydra comes into view.
Unknown command.
b - a +0 shortbow (weapon)
You shoot an arrow. The four-headed hydra roars!
The arrow hits the four-headed hydra!
The four-headed hydra is lightly wounded.
You shoot an arrow. The arrow hits the four-headed hydra.
The four-headed hydra is lightly wounded.
You shoot an arrow. The arrow hits the four-headed hydra.
The four-headed hydra is lightly wounded.
You shoot an arrow.
The arrow barely misses the four-headed hydra.
You shoot an arrow. The arrow hits the four-headed hydra.
The four-headed hydra is lightly wounded.
The four-headed hydra misses you.
The four-headed hydra barely misses you.
The four-headed hydra misses you.
The four-headed hydra bites you but does no damage.
The four-headed hydra is very cold.
The four-headed hydra is moderately wounded.
An orc priest comes into view. It is wielding a +0 hand axe.
The four-headed hydra barely misses you.
The four-headed hydra completely misses you.
The four-headed hydra misses you. The four-headed hydra bites you!
The four-headed hydra is very cold.
The four-headed hydra seems to slow down.
The four-headed hydra is moderately wounded.
You shoot an arrow. The arrow hits the four-headed hydra.
The four-headed hydra is moderately wounded.
The four-headed hydra completely misses you.
The four-headed hydra bites you but does no damage.
The four-headed hydra is very cold.
The four-headed hydra seems to slow down.
The four-headed hydra is moderately wounded.
The four-headed hydra closely misses you.
The four-headed hydra barely misses you.
You shoot an arrow. The arrow hits the four-headed hydra.
The four-headed hydra is heavily wounded.
The four-headed hydra bites you but does no damage.
The four-headed hydra is very cold.
The four-headed hydra is heavily wounded.
The four-headed hydra closely misses you. x2
The four-headed hydra misses you.
You shoot an arrow. The arrow hits the four-headed hydra!
The four-headed hydra is severely wounded.
The four-headed hydra barely misses you.
The four-headed hydra bites you but does no damage.
The four-headed hydra is very cold.
The four-headed hydra is severely wounded.
The four-headed hydra misses you.
The four-headed hydra completely misses you.
You shoot an arrow. The arrow hits the four-headed hydra!
The four-headed hydra is almost dead.
The four-headed hydra bites you but does no damage.
The four-headed hydra is very cold.
The four-headed hydra is almost dead.
The four-headed hydra bites you.
The four-headed hydra is very cold.
The four-headed hydra is almost dead.
The four-headed hydra bites you!
The four-headed hydra is very cold.
You kill the four-headed hydra!
Your Long Blades skill increases to level 10!
a - a +0 falchion (weapon)
The orc priest looks braver for a moment.
You hit the orc priest but do no damage.
The orc priest misses you.
You hit the orc priest but do no damage.
You hit the orc priest but do no damage.
The orc priest completely misses you.
You slash the orc priest!
The orc priest is severely wounded.
The orc priest completely misses you.
You closely miss the orc priest.
The orc priest is severely wounded.
You hit the orc priest.
The orc priest is almost dead.
The orc priest invokes the aid of Beogh against you.
Pain shoots through your body!
You completely miss the orc priest.
The orc priest is almost dead.
You hit the orc priest but do no damage.
The orc priest is almost dead.
The orc priest misses you.
You barely miss the orc priest.
The orc priest is almost dead.
The orc priest looks encouraged for a moment.
You barely miss the orc priest.
The orc priest is almost dead.
The orc priest barely misses you.
You hit the orc priest but do no damage.
The orc priest is almost dead.
The orc priest completely misses you.
You hit the orc priest.
You kill the orc priest!
b - a +0 shortbow (weapon)
An orc comes into view. It is wielding a +3 broad axe.
a - a +0 falchion (weapon)
An orc warrior comes into view. It is wielding a +0 scimitar.
An ogre mage comes into view. It is wielding a +0 spear.
The orc warrior shouts!
You hear a shout!
Found a stone staircase leading up.
Found a stone staircase leading down.
There is a stone staircase leading up here.
Press: ? - help, v - describe, . - travel
Here: an orc warrior, wielding a +0 scimitar and wearing a +0 plate armour The floor.
Unknown command.
You climb upwards.
Level annotation: 1 runed translucent door, SpyderV's ghost, novice MiFi
There is a stone staircase leading down here.
You start resting.
HP restored.
There is a stone staircase leading down here.
b - a +0 shortbow (weapon)
You climb downwards.
Found a runed hand axe and 4 stones.
There is a stone staircase leading up here.
You shoot an arrow. The orc wizard shouts!
The arrow hits the orc wizard but does no damage.
The orc wizard gestures at you while chanting.
You easily resist.
A wraith comes into view.
You shoot an arrow. The arrow hits the orc wizard!
The orc wizard is almost dead.
The orc wizard gestures wildly while chanting.
The orc wizard flickers and vanishes!
Deactivating autopickup; reactivate with Ctrl-A.
You shoot an arrow. The arrow hits the wraith.
The wraith is lightly damaged.
You are confused.
You are too confused!
You climb upwards.
Level annotation: 1 runed translucent door, SpyderV's ghost, novice MiFi Reactivating autopickup.
There is a stone staircase leading down here.
You start waiting.
You feel less confused.
a - a +0 falchion (weapon)
You climb downwards.
The wraith misses you.
Deactivating autopickup; reactivate with Ctrl-A.
You are confused.
The wraith misses you.
There is a stone staircase leading up here.
The wraith completely misses you.
In your confused state, you trip and fall back down the stairs.
The wraith barely misses you.
A magic dart appears from out of thin air!
The magic dart hits you. The wraith hits you. The wraith drains your vigour!
You feel yourself slow down.
You climb upwards.
Level annotation: 1 runed translucent door, SpyderV's ghost, novice MiFi Reactivating autopickup.
There is a stone staircase leading down here.
You are too confused!
You are too confused!
You bump into the rock wall.
You feel less confused. The wraith hits you but does no damage.
The wraith completely resists.
You hit the wraith but do no damage.
The wraith is lightly damaged.
The wraith closely misses you. The wraith completely misses you.
You closely miss the wraith.
The wraith is lightly damaged.
The wraith completely misses you.
You closely miss the wraith.
The wraith is lightly damaged.
The wraith barely misses you.
You hit the wraith.
The wraith is lightly damaged.
The wraith hits you but does no damage.
The wraith resists.
The wraith is very cold.
The wraith is moderately damaged.
You slash the wraith!
The wraith is heavily damaged.
The wraith hits you!
The wraith resists.
The wraith is very cold.
The wraith is heavily damaged.
You barely miss the wraith.
The wraith is heavily damaged.
The wraith completely misses you. x2
You closely miss the wraith.
The wraith is heavily damaged.
The wraith hits you. The wraith drains your vigour!
You feel as though you will be slow longer.
Press: ? - help, v - describe, . - travel
Here: a wraith (heavily damaged)
The floor.
You can't see any item there.
g - a +0 great sword (weapon)
The wraith hits you! The wraith drains your vigour!
You feel as though you will be slow longer.
You slice the wraith!!
You destroy the wraith!
You start resting.
You feel yourself speed up.
You start resting.
HP restored.
You climb downwards.
There is a stone staircase leading up here.
You slice the orc wizard!!
You kill the orc wizard!
Things that are here:
a +0 dagger; a +0 robe
a - a +0 falchion (weapon)
Found 2 scrolls of identify.
You see here a +2 vampiric hand axe.
You see here 4 stones.
r - 2 scrolls of identify
As you read the scroll of identify, it crumbles to dust.
w - 3 scrolls of silence
As you read the scroll of identify, it crumbles to dust.
o - 7 scrolls of fog A centaur simulacrum comes into view.
Found 5 stones, 18 gold pieces and a flail.
You catch the helpless centaur simulacrum completely off-guard!
You hit the centaur simulacrum.
The centaur simulacrum is moderately damaged.
The centaur simulacrum closely misses you. x2
You hit the centaur simulacrum.
The centaur simulacrum is almost destroyed.
The centaur simulacrum hits you but does no damage.
The centaur simulacrum completely resists.
The centaur simulacrum completely misses you.
You slash the centaur simulacrum!
The centaur simulacrum vaporises!
No target in view!
Found 6 stones.
You see here 5 stones.
You now have 477 gold pieces (gained 18).
Found 8 stones.
Found a dagger.
A catoblepas comes into view.
Press: ? - help, v - describe, . - travel
Here: an ogre mage, wielding a +0 spear and wearing a +0 robe (wandering, hasn't noticed you)
The floor.
An orc warrior comes into view.
It is wielding a +2 dire flail of protection.
You see here 4 stones.
You see here a +2 vampiric hand axe.
An orc wizard comes into view. It is wielding a +0 dagger.
There is a stone staircase leading up here.
b - a +0 shortbow (weapon)
You shoot an arrow. The arrow hits the orc wizard.
The orc wizard is lightly wounded.
You shoot an arrow. The arrow hits the orc wizard.
The orc wizard is heavily wounded.
The orc wizard casts a spell at you.
The magic dart hits you but does no damage.
a - a +0 falchion (weapon)
You slash the orc wizard!
You kill the orc wizard!
No target in view!
Items here: )) [[ †.
b - a +0 shortbow (weapon)
Items here: )) [[ †.
There is a stone staircase leading up here.
You climb upwards.
Level annotation: 1 runed translucent door, SpyderV's ghost, novice MiFi
There is a stone staircase leading down here.
Unknown command.
Search for what [Enter for "d:", or ? for help]? air Unknown command.
You see here a +0 spear.
There is a stone staircase leading down here.
You climb downwards.
There is a stone staircase leading up, spattered with blood here.
a - a +0 falchion (weapon)
You strike the helpless orc from behind!
You slash the orc!
You kill the orc!
Things that are here:
a +3 broad axe; a +0 ring mail; an orc corpse
b - a +0 shortbow (weapon)
The orc warrior shouts!
There is a stone staircase leading up, spattered with blood here.
You shoot an arrow. The arrow hits the orc warrior.
The orc warrior is lightly wounded.
You shoot an arrow.
The arrow hits the orc warrior but does no damage.
The orc warrior is lightly wounded.
a - a +0 falchion (weapon)
g - a +0 great sword (weapon)
You hit the orc warrior but do no damage.
The orc warrior is lightly wounded.
The orc warrior misses you.
You slice the orc warrior!!
You kill the orc warrior!
Items here: )) [[ †.
a - a +0 falchion (weapon)
Okay, then.
You now have 491 gold pieces (gained 14).
Press: ? - help, v - describe, . - travel
Here: a catoblepas (wandering, hasn't noticed you)
The floor.
Press: ? - help, v - describe, . - travel
Here: a catoblepas (wandering, hasn't noticed you)
The floor.
You see here a +2 vampiric hand axe.
You see here 4 stones.
Items here: )) [[ †.
An ogre mage is nearby!
b - a +0 shortbow (weapon)
You shoot an arrow. The orc warrior shouts!
The arrow hits the orc warrior.
The orc warrior is lightly wounded.
You hear a bellow!
Items here: )) [[ †.
There is a stone staircase leading up here.
You shoot an arrow.
The arrow hits the orc warrior but does no damage.
The orc warrior is lightly wounded.
You shoot an arrow.
The arrow hits the orc warrior but does no damage.
The orc warrior is lightly wounded.
You shoot an arrow.
The arrow closely misses the orc warrior.
a - a +0 falchion (weapon)
The orc warrior closely misses you.
You barely miss the orc warrior.
The orc warrior is lightly wounded.
You barely miss the orc warrior.
The orc warrior is lightly wounded.
The orc warrior hits you with a +0 scimitar!
The orc warrior is very cold.
The orc warrior is moderately wounded.
You slash the orc warrior!
The orc warrior is heavily wounded.
The orc warrior hits you but does no damage.
The orc warrior is very cold.
The orc warrior is severely wounded.
You hit the orc warrior but do no damage.
The orc warrior is severely wounded.
The orc warrior hits you but does no damage.
You slash the orc warrior!
You kill the orc warrior!
No target in view!
Items here: ))) [[[ †.
r - a +0 scimitar Adjust to which letter? (? for menu, Esc to quit)
a - a +0 scimitar;
r - a +0 falchion (weapon)
You are now empty-handed.
You drop a +0 falchion.
a - a +0 scimitar (weapon)
b - a +0 shortbow (weapon)
There is a stone staircase leading up, spattered with blood here.
You start resting.
HP restored.
You now have 508 gold pieces (gained 17).
You see here a +0 flail.
You see here 6 stones.
A catoblepas is nearby!
a - a +0 scimitar (weapon)
Throw: 16 darts (poison)
Press: ? - help, Q - select action, (/) - cycle Shift-Dir - straight line, f - catoblepas
Aim: a catoblepas (wandering, hasn't noticed you, 92% to hit)
You throw a poisoned dart. The poisoned dart hits the catoblepas.
The catoblepas bellows!
The catoblepas breathes a plume of calcifying dust at you.
The blast of calcifying dust hits you but does no damage.
Throw: 15 darts (poison)
Press: ? - help, Q - select action, (/) - cycle Shift-Dir - straight line, f/p - catoblepas
Aim: a catoblepas (calcifying dust, 92% to hit)
You throw a poisoned dart. The poisoned dart hits the catoblepas.
The catoblepas is poisoned.
The catoblepas breathes a plume of calcifying dust at you.
The blast of calcifying dust hits you.
Throw: 14 darts (poison)
Press: ? - help, Q - select action, (/) - cycle Shift-Dir - straight line, f/p - catoblepas
Aim: a catoblepas (lightly wounded, poisoned, 92% to hit)
You throw a poisoned dart. The poisoned dart hits the catoblepas.
The catoblepas is lightly wounded.
Throw: 13 darts (poison)
Press: ? - help, Q - select action, (/) - cycle Shift-Dir - straight line, f/p - catoblepas
Aim: a catoblepas (lightly wounded, poisoned, 92% to hit)
You throw a poisoned dart. The poisoned dart hits the catoblepas.
The catoblepas looks even sicker.
The catoblepas is lightly wounded.
Throw: 12 darts (poison)
Press: ? - help, Q - select action, (/) - cycle Shift-Dir - straight line, f/p - catoblepas
Aim: a catoblepas (lightly wounded, very poisoned, 92% to hit)
You throw a poisoned dart. The poisoned dart hits the catoblepas.
The catoblepas is lightly wounded.
Throw: 11 darts (poison)
Press: ? - help, Q - select action, (/) - cycle Shift-Dir - straight line, f/p - catoblepas
Aim: a catoblepas (lightly wounded, very poisoned, 92% to hit)
You throw a poisoned dart. The poisoned dart hits the catoblepas.
The catoblepas looks even sicker.
The catoblepas is lightly wounded.
You hit the catoblepas.
The catoblepas is lightly wounded.
The catoblepas barely misses you.
You slash the catoblepas!
The catoblepas is moderately wounded.
The catoblepas gores you!
The catoblepas is very cold.
The catoblepas is heavily wounded.
You slash the catoblepas!
The catoblepas is heavily wounded.
The catoblepas gores you!!
The catoblepas is very cold.
The catoblepas is severely wounded.
You slash the catoblepas!
The catoblepas is severely wounded.
The catoblepas gores you!!
The catoblepas is very cold.
The catoblepas is almost dead.
You slash the catoblepas!
You punch the catoblepas, but do no damage.
The catoblepas is almost dead.
The catoblepas breathes a plume of calcifying dust at you.
The blast of calcifying dust hits you but does no damage.
The catoblepas gores you!!
* * * LOW HITPOINT WARNING * * *
The catoblepas is very cold.
You kill the catoblepas!
You have reached level 11!
Items here: )) [[ ÷.
There is a stone staircase leading up, spattered with blood here.
You climb upwards.
Level annotation: 1 runed translucent door, SpyderV's ghost, novice MiFi
There is a stone staircase leading down here.
You start resting.
HP restored.
There is a stone staircase leading up here.
You can't go down here!
There is a staircase to the Lair here.
You climb downwards.
Welcome to the Lair of Beasts!
Found a potion of degeneration and a leather armour.
Found a stone staircase leading down.
There is a staircase back to the Dungeon here.
d - a +0 dagger (weapon)
The helpless black mamba fails to defend itself.
You spit the black mamba like a pig!!!
You kill the black mamba!
The helpless komodo dragon fails to defend itself.
You spit the komodo dragon like a pig!!!
You kill the komodo dragon!
There is a staircase back to the Dungeon here.
a - a +0 scimitar (weapon)
There is a stone staircase leading down here.
You now have 525 gold pieces (gained 17).
Found a box of beasts.
b - a +0 shortbow (weapon)
r - a wand of mindburst (4)
You now have 541 gold pieces (gained 16).
Found a stone.
Found a twisted golden amulet and 3 poisoned darts.
The rime drake hisses angrily.
The rime drake hisses angrily.
Found a potion of degeneration.
Found 2 scrolls of fog.
B - an amulet of the acrobat You start putting on your amulet.
You continue putting on your amulet of the acrobat. x5
You finish putting on your amulet of the acrobat.
You feel ready to tumble and roll out of harm's way.
B - an amulet of the acrobat (around neck)
H - 13 poisoned darts (gained 3)
Found a potion of curing.
a - a +0 scimitar (weapon)
You remove your +6 ring of dexterity.
You feel clumsy.
You feel more attuned to ice.
x - a ring of ice (right hand)
Press: ? - help, v - describe, . - travel A translucent stone wall.
Unknown command.
You open the door. The rime drake breathes ice at you.
The icy flash freeze hits you! You partially resist.
You are encased in ice.
Found the +4 skin of Zhor {*Englaciate rC+++ SInv}.
The rime drake completely misses you.
Being near the torpor snail leaves you feeling lethargic.
The rime drake completely misses you.
There is an open door here.
You slash the rime drake!
The rime drake is heavily wounded.
The rime drake completely misses you. x2
You hit the rime drake but do no damage.
Your punch misses the rime drake.
The rime drake is heavily wounded.
The ice encasing you melts away. The rime drake bites you.
The rime drake resists.
The rime drake is very cold.
The rime drake is severely wounded.
You hit the rime drake.
The rime drake is severely wounded.
The rime drake breathes ice at you. The icy flash freeze misses you.
The rime drake completely misses you.
You hear a deafening roar! x3
You slash the rime drake!
You kill the rime drake!
You slash the rime drake!
The rime drake is heavily wounded.
The rime drake misses you.
A hell rat comes into view.
The rime drake bites you.
The rime drake resists.
The rime drake is very cold.
The rime drake is heavily wounded.
The hell rat roars deafeningly!
You slice the rime drake!!
You kill the rime drake!
You hear a deafening roar!
A hell rat comes into view.
You hit the rime drake.
The rime drake is lightly wounded.
The rime drake closely misses you. The rime drake barely misses you.
You closely miss the rime drake.
The rime drake is lightly wounded.
The rime drake breathes ice at you. The icy flash freeze hits you!
You partially resist.
You are encased in ice.
You slash the rime drake!
The rime drake is moderately wounded.
The rime drake completely misses you.
A hell rat comes into view.
The rime drake closely misses you.
A hell rat comes into view.
You closely miss the rime drake.
The rime drake is moderately wounded.
The rime drake completely misses you.
A hell rat comes into view.
The rime drake bites you.
The rime drake resists.
The rime drake is very cold.
The rime drake is moderately wounded.
A hell rat comes into view.
The hell rat roars deafeningly! x2
You slash the rime drake!
The rime drake is severely wounded.
The hell rat misses you.
The hell rat bites you but does no damage.
The hell rat is very cold.
The hell rat is lightly wounded.
The rime drake completely misses you.
You slice the rime drake!!
You kill the rime drake!
The ice encasing you melts away. The hell rat completely misses you. x2
You slash the torpor snail!
The torpor snail is lightly wounded.
The hell rat completely misses you. The hell rat barely misses you.
The hell rat completely misses you. The hell rat misses you.
The torpor snail bites you!
The torpor snail is very cold.
The torpor snail is moderately wounded.
You hit the torpor snail but do no damage.
The torpor snail is moderately wounded.
The hell rat misses you. x2; The torpor snail barely misses you.
The hell rat barely misses you. The hell rat misses you.
You hit the torpor snail.
The torpor snail is heavily wounded.
The hell rat barely misses you. The hell rat completely misses you.
The torpor snail misses you.
You hit the torpor snail.
The torpor snail is heavily wounded.
The hell rat completely misses you. The torpor snail bites you!
The torpor snail is very cold.
The torpor snail is heavily wounded.
You hit the torpor snail.
The torpor snail is heavily wounded.
The hell rat barely misses you. The hell rat completely misses you.
The torpor snail barely misses you.
You completely miss the torpor snail.
The torpor snail is heavily wounded.
The hell rat bites you!
* * * LOW HITPOINT WARNING * * *
The hell rat is very cold.
The hell rat is moderately wounded.
The hell rat closely misses you. The hell rat bites you!
* * * LOW HITPOINT WARNING * * *
The hell rat is very cold.
The hell rat is almost dead.
The hell rat closely misses you. The torpor snail bites you!
* * * LOW HITPOINT WARNING * * *
The torpor snail is very cold.
The torpor snail is heavily wounded.
As you read the scroll of fear, it crumbles to dust.
You assume a fearsome visage.
The torpor snail resists with almost no effort.
The hell rat looks frightened! x6; The torpor snail closely misses you.
Okay, then.
Unknown command.
You slash the torpor snail!
The torpor snail is almost dead.
You hit the torpor snail but do no damage.
The torpor snail is almost dead.
The torpor snail bites you!
You die...

Skill      XL: |  1  2  3  4  5  6  7  8  9 10 |
---------------+-------------------------------+-----
Fighting       | 1 2 3 4 5 |  5.0
Dodging        | 2 3 4 5 6 8 10 | 10.9
Stealth        | 1 2 3 4 5 |  5.0
Long Blades    | 1 2 3 4 6 8 10 | 10.6
Ranged Weapons | |  1.7
Spellcasting   | |  1.0
Hexes          | |  2.6

Action                     |  1- 3 |  4- 6 |  7- 9 | 10-12 || total
---------------------------+-------+-------+-------+-------++-------
  Melee: Short sword       |       |    94 |   121 |       ||   215
         Punch             |       |     2 |     5 |     2 ||     9
         Falchion          |       |       |    70 |    90 ||   160
         Great sword       |       |       |     2 |    21 ||    23
         Dagger            |       |       |     3 |     5 ||     8
         Scimitar          |       |       |       |    25 ||    25
   Fire: Sling             |   163 |   100 |    65 |       ||   328
         Shortbow          |       |       |    26 |    60 ||    86
  Throw: Boomerang         |       |       |     2 |       ||     2
         Dart              |       |       |       |     6 ||     6
   Cast: Slow              |     1 |       |       |       ||     1
    Use: Scroll            |       |     3 |     7 |     7 ||    17
         Potion            |       |       |     3 |       ||     3
   Stab: Sleeping          |       |     7 |     5 |     4 ||    16
         Distracted        |       |     1 |     1 |     3 ||     5
 Armour: Robe              |    28 |       |       |       ||    28
         Leather armour    |     2 |    51 |    35 |    31 ||   119
  Dodge: Dodged            |    68 |    88 |   163 |   172 ||   491

Levels and vault maps discovered:
D:1:      eino_arrival_tree_alley, layout_loops_ring,
          ebering_ecumenical_altar_ruins
D:2:      layout_loops_ring, serial_aquarium, aquarium_bridge_straight
          [aquarium_subvault_bridge, aquarium_subvault_window,
          aquarium_subvault_bridge, aquarium_subvault_balcony],
          aquarium_bridge_square [aquarium_subvault_bridge,
          aquarium_subvault_window, aquarium_subvault_window,
          aquarium_subvault_bridge], aquarium_window_corner,
          aquarium_window_corridor_2, aquarium_view_2g, aquarium_pool_double,
          uniq_crazy_yiuf_cottage
D:3:      layout_basic, gammafunk_temple_overflow_pools, serial_bayou_pond_e
D:4:      layout_loops_ring, uniq_pikel, uniq_grinder
D:5:      layout_layer_cave, mainiacjoe_overflow_cross_hatched,
          nicolae_qazlal_scattered_showers, temple_fountains
D:6:      layout_rooms, tgw_trog, mainiacjoe_overflow_alcove_1,
          minmay_misc_feat_hallway, minmay_misc_feat_tower,
          minmay_fractal_squares_5
D:7:      layout_cave_pools, fedhas_altar_3, nemelex_xobeh_ov_fountains_minmay
D:8:      layout_basic, old_standard_altar, nicolae_dithmenos_shadow_blocks,
          uniq_joseph
D:9:      layout_basic, nicolae_ashenzari_panopticon, kiku_gazebo_pond_becter,
          lair_entry_dummy, ebering_ghost_funeral_grove
D:10:     minmay_distorted_concentric_squares, layout_rooms, minivault_10,
          nicolae_shop_clearance
Lair:1:   layout_chaotic_city, hellmonk_guarded_unrand_zhor

Notes
Turn   | Place    | Note
-------+----------+-------------------------------------------
     0 | D:1      | scionoferis the Demigod Hexslinger began the quest for the
                  | Orb.
     0 | D:1      | Reached XP level 1. HP: 15/15 MP: 4/4
    87 | D:1      | Reached skill level 1 in Fighting
   167 | D:1      | Reached skill level 2 in Dodging
   341 | D:1      | Reached XP level 2. HP: 12/23 MP: 5/5
   838 | D:2      | Reached skill level 1 in Stealth
   968 | D:2      | Reached XP level 3. HP: 24/28 MP: 6/6
  1104 | D:2      | Reached skill level 1 in Long Blades
  1241 | D:2      | Found a runed translucent door.
  1242 | D:2      | Noticed Crazy Yiuf
  1443 | D:2      | Identified the +1 leather armour "Siprottu" {rF+}
  2077 | D:3      | Reached XP level 4. HP: 36/36 MP: 8/8
  2079 | D:3      | Reached skill level 3 in Dodging
  2661 | D:4      | Noticed a phantom
  2704 | D:3      | Killed a phantom
  2705 | D:3      | Reached skill level 2 in Fighting
  2705 | D:3      | Reached skill level 2 in Long Blades
  2705 | D:3      | Reached skill level 2 in Stealth
  2705 | D:3      | Reached XP level 5. HP: 31/41 MP: 9/9
  2766 | D:4      | Noticed a centaur
  3003 | D:4      | Noticed Grinder
  3471 | D:5      | Entered Level 5 of the Dungeon
  3471 | D:5      | Noticed an ogre
  3484 | D:5      | Killed an ogre
  3485 | D:5      | Reached skill level 3 in Long Blades
  3485 | D:5      | Reached skill level 4 in Dodging
  3485 | D:5      | Reached XP level 6. HP: 50/50 MP: 10/10
  3711 | D:5      | Found a staircase to the Ecumenical Temple.
  4624 | D:2      | Killed Crazy Yiuf
  4625 | D:2      | Reached skill level 3 in Stealth
  4625 | D:2      | Reached XP level 7. HP: 56/56 MP: 11/11
  4778 | D:4      | Reached skill level 3 in Fighting
  4882 | D:4      | Noticed Pikel
  4964 | D:4      | Killed Grinder
  4965 | D:4      | Reached skill level 4 in Long Blades
  4965 | D:4      | Reached skill level 5 in Dodging
  5763 | D:6      | Identified 5 potions of resistance
  5764 | D:6      | Gained mutation: You are clumsy. (Dex -2) [potion of
                  | mutation]
  5765 | D:6      | Lost mutation: You are clumsy. (Dex -2) [potion of
                  | mutation]
  5765 | D:6      | Gained mutation: A frigid envelope surrounds you and
                  | freezes all who hurt you. [potion of mutation]
  5765 | D:6      | Gained mutation: You passively map a small area around you.
                  | [potion of mutation]
  5806 | D:6      | Reached XP level 8. HP: 64/66 MP: 12/12
  5950 | D:6      | Reached skill level 5 in Long Blades
  5950 | D:6      | Reached skill level 4 in Stealth
  6336 | D:6      | Reached skill level 6 in Dodging
  6426 | D:6      | Reached skill level 4 in Fighting
  6580 | D:6      | Noticed a moth of wrath
  6984 | D:4      | Killed Pikel
  7175 | D:7      | Reached skill level 6 in Long Blades
  7532 | D:7      | Reached XP level 9. HP: 72/72 MP: 13/13
  7541 | D:7      | Reached skill level 5 in Stealth
  7747 | D:7      | Reached skill level 7 in Dodging
  7797 | D:8      | Noticed Joseph
  7807 | D:8      | Killed Joseph
  7983 | D:8      | Reached skill level 5 in Fighting
  8007 | D:8      | Reached skill level 7 in Long Blades
  8222 | D:8      | Reached skill level 8 in Dodging
  8438 | D:8      | Noticed a two-headed ogre
  8448 | D:8      | Noticed a two-headed ogre
  8454 | D:8      | Killed a two-headed ogre
  8455 | D:8      | Reached skill level 8 in Long Blades
  8455 | D:8      | Reached XP level 10. HP: 81/81 MP: 14/14
  8631 | D:8      | Killed a two-headed ogre
  8632 | D:8      | Reached skill level 9 in Dodging
  9086 | D:9      | Found a staircase to the Lair.
  9102 | D:9      | Found a runed translucent door.
  9144 | D:9      | Identified the +0 ring mail "Quecs" {Fly Int+5 Dex-2 SInv}
  9202 | D:9      | Noticed a two-headed ogre
  9358 | D:9      | Killed a two-headed ogre
  9359 | D:9      | Reached skill level 9 in Long Blades
  9565 | D:9      | Identified the +3 spear of Disembowelment {heavy, rPois rF-
                  | Will+}
  9567 | D:9      | Noticed SpyderV's ghost (novice MiFi)
  9805 | D:10     | Entered Level 10 of the Dungeon
  9843 | D:10     | Reached skill level 10 in Dodging
  9927 | D:10     | Found Qyddokk's CLEARANCE SALE!.
  9934 | D:10     | Bought a potion of curing for 15 gold pieces
  9934 | D:10     | Bought a potion of degeneration for 5 gold pieces
 10128 | D:10     | Noticed a four-headed hydra
 10138 | D:10     | Killed a four-headed hydra
 10139 | D:10     | Reached skill level 10 in Long Blades
 10173 | D:10     | Noticed an ogre mage
 10371 | D:10     | Noticed a catoblepas
 10782 | D:10     | HP: 8/81 [catoblepas (19)]
 10782 | D:10     | Killed a catoblepas
 10783 | D:10     | Reached XP level 11. HP: 8/86 MP: 15/15
 11019 | Lair:1   | Entered Level 1 of the Lair of Beasts
 11096 | Lair:1   | Found the +4 skin of Zhor {*Englaciate rC+++ SInv}
 11114 | Lair:1   | HP: 3/86 [torpor snail (9)]
 11117 | Lair:1   | Slain by a torpor snail

Vanquished Creatures
  A hydra (D:10)
  A catoblepas (D:10)
  3 two-headed ogres (D:8 D:9)
  Pikel (D:4)
  Joseph (D:8)
  A black mamba (Lair:1)
  3 rime drakes (Lair:1)
  A komodo dragon (Lair:1)
  3 trolls (D:9 D:10)
  A hornet (D:9)
  Grinder (D:4)
  4 wraiths (D:9)
  5 yaks (D:7 D:8)
  An acid dragon (D:10)
  2 orc warriors (D:10)
  An ice beast (D:6)
  A black bear (D:6)
  3 ogres (D:5 D:6)
  4 centaurs (D:4 D:5 D:7 D:10)
  3 lemures (D:4)
  A phantom (D:3)
  A kobold brigand (D:9)
  4 bullfrogs (D:4 D:7 D:9)
  A gnoll sergeant (D:9)
  4 scorpions (D:5 D:4 D:6)
  7 wights (D:8)
  9 killer bees (D:7 D:8)
  2 howler monkeys (D:10)
  A hound (D:4)
  5 jellies (D:5 D:6 D:7 D:8)
  2 orc priests (D:8 D:10)
  3 iguanas (D:5 D:7)
  Crazy Yiuf (D:2)
  2 orc wizards (D:10)
  A centaur simulacrum (D:10)
  3 gnolls (D:9)
  13 adders (D:2 D:3 D:4 D:5 D:6)
  A shadow imp (D:6)
  A white imp (D:6)
  2 worms (D:2 D:6)
  2 dart slugs (D:5)
  13 orcs (D:3 D:4 D:6 D:8 D:10)
  7 ball pythons (D:1 D:2 D:3 D:4)
  4 endoplasms (D:2 D:3 D:4 D:5)
  A giant cockroach (D:2)
  5 hobgoblins (D:1 D:2)
  7 kobolds (D:1 D:2 D:3 D:9)
  2 quokkas (D:2 D:4)
  9 bats (D:1 D:2 D:3)
  6 frilled lizards (D:1 D:3)
  8 goblins (D:1 D:2 D:3 D:4)
  16 rats (D:1 D:2 D:3 D:6)
185 creatures vanquished.

Vanquished Creatures (others)
  A fungus (D:9)
  4 plants (D:9)
5 creatures vanquished.

Grand Total: 190 creatures vanquished

Table legend: (Time is in decaauts)
 A = Elapsed time spent in this place.
 B = Non-inter-level travel time spent in this place.
 C = Inter-level travel time spent in this place.
 D = Time resting spent in this place.
 E = Time spent auto-exploring this place.
 F = Levels seen in this place.
 G = Mean time per level.
                   A        B        C        D        E       F      G
               +--------+--------+--------+--------+--------+-----+--------+
         Total |  11204 |  10073 |   1131 |   1265 |   5512 |  11 | 1018.5 |
       Dungeon |  11103 |   9972 |   1131 |   1265 |   5492 |  10 | 1110.3 |
          Lair |    100 |    100 |      0 |      0 |     20 |   1 |  100.0 |
               +--------+--------+--------+--------+--------+-----+--------+

Top non-repeatable levels by time:
     D:5: 1943 daAuts
     D:4: 1470 daAuts
     D:9: 1346 daAuts
     D:2: 1267 daAuts
     D:8: 1073 daAuts
     D:6: 854 daAuts
     D:1: 845 daAuts
    D:10: 822 daAuts
     D:3: 819 daAuts
     D:7: 661 daAuts
  Lair:1: 100 daAuts

Table legend:
 A = Non-vault XP
 B = Vault XP
 C = Vault XP percentage of total XP
 D = Non-vault monster count
 E = Vault monster count
 F = Vault count percentage of total count
                 A         B        C        D         E       F
            +---------+---------+-------+---------+---------+-------
      Total |   10174 |    4952 |  32.7 |     157 |      25 |  13.7
            +---------+---------+-------+---------+---------+-------
        D:1 |      28 |       0 |   0.0 |      20 |       0 |   0.0
        D:2 |      78 |      36 |  31.6 |      24 |       1 |   4.0
        D:3 |     176 |       0 |   0.0 |      17 |       0 |   0.0
        D:4 |     388 |     915 |  70.2 |      18 |       2 |  10.0
        D:5 |     647 |       0 |   0.0 |      12 |       0 |   0.0
        D:6 |     321 |     292 |  47.6 |       7 |      11 |  61.1
        D:7 |     970 |       0 |   0.0 |      10 |       0 |   0.0
        D:8 |    3262 |     475 |  12.7 |      23 |       1 |   4.2
        D:9 |    2360 |     205 |   8.0 |      15 |       1 |   6.2
       D:10 |    1175 |    1956 |  62.5 |       9 |       6 |  40.0
     Lair:1 |     769 |    1073 |  58.3 |       2 |       3 |  60.0
            +---------+---------+-------+---------+---------+-------
